Map: Catalyst LE

Players

Nordy

  • Race: Protoss Protoss
  • League: Diamond
  • Spawn Location: 11:00

Civil - Winner!

  • Race: Terran Terran
  • League: Diamond
  • Spawn Location: 5:00

VOD

Have the link to the VOD?

Description

Time

  • Played on: July 24, 2018, 2:24 p.m.
  • Length: 11:18
Show
View Real Time Build Order
Export as new Build Order

Nordy Protoss 

Build Orders: 1 Gate Expand, Blink Stalkers 

Get SALT Encoding   

  12  0:00  Probe  
  13  0:13  Probe  
  14  0:17  Pylon  
  14  0:25  Probe  
  15  0:34  Probe  
  15  0:38  Gateway  
  15  0:42  Probe  
  16  0:48  Assimilator  
  17  0:51  Probe  
  18  1:03  Probe  
  19  1:18  Probe  
  20  1:30  Nexus  
  20  1:42  Cybernetics Core  
  20  1:45  Assimilator  
  20  1:48  Probe  
  21  1:57  Pylon  
  21  2:04  Probe  
  22  2:10  Adept  
  21  2:16  Probe  
  21  2:20  Warp Gate  
  24  2:28  Probe  
  25  2:30  Twilight Council  
  25  2:36  Stalker  
  25  2:41  Probe  
  25  2:43  Probe  
  29  2:49  Probe  
  29  2:51  Probe  
  29  2:58  Probe  
  31  2:59  Probe  
  33  3:08  Probe  
  33  3:09  Gateway  
  34  3:13  Probe  
  35  3:20  Blink  
  35  3:21  Probe  
  35  3:26  Probe  
  37  3:32  Pylon  
  37  3:33  Probe  
  38  3:38  Probe, Stalker  
  41  3:54  Probe  
  41  3:55  Probe, Robotics Facility  
  43  3:59  Shield Battery  
  43  4:06  Probe  
  43  4:07  Probe  
  45  4:17  Assimilator  
  45  4:19  Probe x2  
  45  4:20  Assimilator  
  45  4:22  Pylon  
  47  4:29  Gateway  
  47  4:31  Probe x2  
  49  4:32  Gateway  
  49  4:38  Stalker x2  
  53  4:43  Probe x2  
  55  4:47  Pylon  
  56  4:53  Observer  
  56  4:55  Probe x2  
  58  5:00  Forge  
  58  5:03  Gateway  
  58  5:07  Probe x2  
  58  5:13  Nexus  
  60  5:16  Pylon, Charge  
  60  5:21  Stalker  
  60  5:24  Immortal  
  60  5:28  Probe x2  
  68  5:40  Stalker  
  68  5:56  Stalker x3  
  55  6:11  Stalker  
  28  6:19  Probe x2  
  28  6:23  Stalker x3  
  31  6:33  Probe  
  31  6:34  Probe  
  31  6:37  Probe  
  33  6:42  Probe x2  
  33  6:46  Probe  
  36  6:50  Probe x2  
  36  6:51  Pylon  
  38  7:01  Probe x2  
  39  7:11  Stalker  
  41  7:19  Probe  
  42  7:30  Probe x2  
  42  7:33  Stalker  
  42  7:35  Probe  
  47  7:39  Probe  
  47  7:40  Probe  
  47  7:43  Probe  
  49  7:47  Probe  
  49  7:48  Zealot x2, Probe  
  54  7:51  Probe  
  54  7:57  Zealot  
  59  8:00  Probe x2  
  59  8:03  Probe  
  62  8:12  Probe x2  
  64  8:14  Zealot  
  64  8:15  Probe  
  67  8:20  Templar Archives  
  67  8:24  Probe x2  
  69  8:30  Probe  
  69  8:34  Zealot x3  
  72  8:36  Probe  
  72  8:38  Pylon  
  77  8:42  Pylon, Probe  
  77  8:43  Probe  
  79  8:49  Psionic Storm  
  75  8:58  High Templar x5  
  81  9:02  Archon  
  81  9:03  Archon  
  81  9:08  Immortal  
  81  9:10  Probe x2  
  81  9:11  Gateway, Probe  
  81  9:15  Gateway  
  84  9:18  Gateway  
  84  9:22  Probe x2  
  84  9:23  Probe  
  91  9:25  Assimilator  
  91  9:29  Assimilator  
  91  9:34  Probe  
  91  9:37  Pylon  
  91  9:38  High Templar x4  
  96  9:42  Pylon, Archon x2  
  100  9:45  Zealot  
  100  9:47  Probe x3  
  105  9:55  Probe x3  
  107  10:19  Zealot, Nexus  
  107  10:20  Pylon, Zealot x4  
  68  10:42  Zealot x5  
  61  10:58  Zealot x3  
  46  11:07  Zealot  
  46  11:08  Zealot x4  
Show
View Real Time Build Order
Export as new Build Order

Civil Terran - Winner!

Build Orders: Reaper Expand 

Get SALT Encoding   

  12  0:00  SCV  
  13  0:13  SCV  
  14  0:17  Supply Depot  
  14  0:25  SCV  
  15  0:32  Refinery  
  15  0:41  Barracks  
  15  0:46  SCV  
  16  0:58  SCV  
  17  1:10  SCV  
  18  1:22  SCV  
  19  1:26  Refinery  
  19  1:30  Reaper  
  20  1:44  Command Center  
  20  1:56  Orbital Command  
  20  2:09  Barracks Reactor  
  20  2:16  Factory  
  20  2:22  SCV  
  21  2:29  Supply Depot  
  21  2:39  SCV  
  22  2:47  Marine  
  24  2:51  SCV  
  24  2:57  Orbital Command  
  25  3:04  SCV  
  25  3:16  SCV, Cyclone  
  25  3:18  Cyclone  
  25  3:19  Barracks Tech Lab  
  32  3:23  SCV  
  33  3:28  SCV  
  33  3:32  Supply Depot  
  34  3:36  SCV  
  34  3:40  SCV, Starport  
  36  3:48  SCV  
  36  3:54  Cyclone  
  36  3:55  Cyclone  
  43  3:57  SCV  
  43  4:00  SCV, Liberator  
  45  4:08  Supply Depot  
  45  4:09  Marine  
  46  4:11  SCV  
  46  4:13  SCV  
  48  4:19  Refinery  
  51  4:25  SCV  
  51  4:27  Hellion  
  51  4:29  SCV  
  51  4:30  Hellion  
  57  4:33  Engineering Bay  
  57  4:36  Marauder  
  59  4:41  Supply Depot  
  59  4:45  Liberator  
  59  4:50  Concussive Shells  
  59  4:52  Hellion  
  61  5:00  SCV  
  61  5:01  Refinery  
  61  5:03  Hellion  
  67  5:07  SCV  
  67  5:11  Missile Turret  
  67  5:12  SCV  
  69  5:14  Missile Turret  
  69  5:19  SCV  
  66  6:01  Cyclone  
  69  6:06  Cyclone  
  56  6:24  SCV x2  
  56  6:25  Starport Reactor  
  57  6:30  Barracks  
  57  6:31  Barracks  
  57  6:32  Barracks  
  54  6:33  Cyclone  
  54  6:35  Barracks  
  54  6:36  SCV x2  
  54  6:38  Cyclone  
  60  6:44  Marauder  
  60  6:46  Stimpack  
  62  6:48  SCV x2  
  64  7:00  SCV  
  65  7:01  Command Center  
  65  7:03  Medivac x2  
  69  7:14  SCV  
  70  7:21  Factory  
  70  7:22  Barracks Tech Lab x2  
  70  7:23  Barracks Reactor  
  70  7:24  Barracks Reactor  
  70  7:26  Barracks  
  70  7:30  Terran Infantry Weapons Level 1  
  70  7:37  Engineering Bay  
  70  7:46  Supply Depot  
  70  7:48  Supply Depot  
  70  7:50  Medivac x2  
  70  7:51  SCV, Cyclone  
  78  8:04  Factory Tech Lab  
  78  8:07  SCV x2, Marine, Cyclone  
  78  8:08  Marauder  
  78  8:09  Marine x3  
  78  8:11  Marauder  
  91  8:14  Marauder  
  91  8:15  Barracks Tech Lab  
  95  8:20  SCV x2, Viking  
  95  8:23  Orbital Command  
  95  8:25  Supply Depot  
  97  8:29  Missile Turret  
  97  8:32  SCV x2  
  99  8:40  Siege Tank  
  102  8:42  Hellion x2  
  102  8:44  Armory  
  102  8:45  Terran Infantry Armor Level 1  
  106  8:48  Sensor Tower  
  106  8:49  SCV x3  
  106  8:51  Marine x2  
  106  8:52  Marauder x3  
  106  8:53  Marine  
  116  9:02  Marine  
  117  9:07  Supply Depot  
  117  9:19  Sensor Tower  
  117  9:28  Supply Depot x2, Medivac x2, Marine x4  
  117  9:29  Supply Depot  
  117  9:30  Supply Depot  
  125  9:40  Missile Turret  
  125  9:46  Supply Depot x3  
  125  9:49  Marine x2  
  125  9:50  Marauder x3  
  125  9:51  Supply Depot  
  133  9:58  Marine x2  
  133  9:59  Marauder, Missile Turret  
  137  10:07  Marine x2  
  137  10:11  Marauder x3  
  137  10:13  Supply Depot  
  142  10:16  Marine  
  126  10:23  Missile Turret  
  126  10:27  Marine x3  
  126  10:28  Marauder  
  122  10:29  Hellbat x2  
  122  10:32  Marauder x2, Marine  
  122  10:34  Marine  
  127  10:40  Siege Tank  
  130  10:45  Marine x3  
  130  10:49  Marauder  
  135  10:50  Marauder  
  135  10:52  Marine  
  135  10:54  Marauder x2  
Tags
 
Add a new tag
Caveats
  • Supply blocks, unpowered buildings, or Contaminate may cause inaccurate times.
  • Supply counts are checked every 10 seconds.